 Dungeon Crawl Stone Soup version 0.25-a0-576-g50b708a4c4 (webtiles) character file.

Game seed: 715850142479390915, levelgen mode: deterministic

13 Flugslaktarn the Shield-Bearer (level 2, 0/27 HPs)
             Began as a Deep Dwarf Fighter on Mar 1, 2020.
             Slain by a quasit (1 damage)
             ... on level 2 of the Dungeon.
             The game lasted 00:00:15 (228 turns).

Flugslaktarn the Shield-Bearer (Deep Dwarf Fighter)  Turns: 228, Time: 00:00:15

Health: 0/27       AC:  6    Str: 19    XL:     2   Next: 24%
Magic:  2/2        EV:  2    Int:  8    God:
Gold:   18         SH:  0    Dex: -49 (12)Spells: 1/1 levels left

rFire    . . .     SeeInvis .   a - +0 war axe
rCold    . . .     Gourm    .   c - +0 kite shield
rNeg     . . .     Faith    .   b - +0 scale mail
rPois    .         Spirit   .   (no helmet)
rElec    .         Reflect  .   (no cloak)
rCorr    .         Harm     .   (no gloves)
MR       .....                  (no boots)
Stlth    ..........             (no amulet)
HPRegen  0.00/turn              (no ring)
MPRegen  0.08/turn              (no ring)

@: non-regenerating, slowed, lost dexterity, very slow
A: damage resistance, heal wounds, sense surroundings 1, no regeneration
a: Heal Wounds


You were on level 2 of the Dungeon.
You were not hungry.

You visited 1 branch of the dungeon, and saw 2 of its levels.

You collected 18 gold pieces.

Inventory:

Hand Weapons
 a - a +0 war axe (weapon)
Armour
 b - a +0 scale mail (worn)
 c - a +0 kite shield (worn)
Scrolls
 g - 2 scrolls of identify {unknown}
Potions
 d - a potion of might
 f - a potion of curing {unknown}
 h - a potion of mutation {unknown}
 i - a potion of stabbing {unknown}
Comestibles
 e - 2 rations


   Skills:
 + Level 2.8 Fighting
 * Level 2.6 Axes
 + Level 3.4 Armour
 + Level 3.4 Shields


You had one spell level left.
You didn't know any spells.
Your spell library was empty.

Dungeon Overview and Level Annotations

Branches:
Dungeon (2/15)

Altars:


Innate Abilities, Weirdness & Mutations

You are resistant to damage.
You can heal yourself by infusing magical energy.
You passively map a small area around you.
You do not regenerate.


Message History

The quasit claws you but does no damage.
You miss the quasit.
The quasit is heavily wounded.
The quasit bites you but does no damage.
The quasit claws you but does no damage.
The quasit claws you.
You feel clumsy.
The quasit bites you but does no damage.
The quasit claws you.
You feel clumsy. The quasit barely misses you. The quasit bites you.
The quasit claws you.
You feel clumsy.
The quasit claws you but does no damage.
You miss the quasit.
The quasit is heavily wounded.
The quasit bites you but does no damage.
The quasit claws you.
You feel clumsy. The quasit claws you.
You die...

#.####.# #.# #)#
** #.# #.# .
#######.####.###
..
.......<.<.....+
,...
############'###
.... * * #.(.....+
..... , *
##......##...... *
,, ,
........@5h......
, , *
,........)##......
* * .....[...#
#+### .......... *
* ........##*, ,
....... * *
....... * ,
#...... * *, *


You could see a quasit and a jackal.

Vanquished Creatures
  A leopard gecko (D:1)
  A giant cockroach (D:1)
  2 goblins (D:1)
  3 jackals (D:2)
  A bat (D:2)
  A kobold (D:2)
  2 rats
11 creatures vanquished.

Notes
Turn   | Place    | Note
-------+----------+-------------------------------------------
     0 | D:1      | Flugslaktarn the Deep Dwarf Fighter began the quest for the
                  | Orb.
     0 | D:1      | Reached XP level 1. HP: 20/20 MP: 1/1
    88 | D:2      | Noticed a quasit
   101 | D:2      | Reached XP level 2. HP: 25/27 MP: 2/2
   153 | D:2      | Lost dexterity.
   226 | D:2      | HP: 1/27 [quasit (1)]
   228 | D:2      | Slain by a quasit

Levels and vault maps discovered:
D:1:      mrwooster_arrival_statue_2, layout_basic
D:2:      layout_basic

Action                   || total
-------------------------++-------
Melee: War axe           ||   142
 Abil: Heal Wounds       ||     2
Armor: Scale mail        ||   521
Dodge: Dodged            ||   128
Block: Kite shield       ||    76

Table legend:
 A = Non-vault XP
 B = Vault XP
 C = Vault XP percentage of total XP
 D = Non-vault monster count
 E = Vault monster count
 F = Vault count percentage of total count
                 A         B        C        D         E       F
            +---------+---------+-------+---------+---------+-------
      Total |      19 |       0 |   0.0 |      11 |       0 |   0.0
            +---------+---------+-------+---------+---------+-------
        D:1 |      10 |       0 |   0.0 |       5 |       0 |   0.0
        D:2 |       9 |       0 |   0.0 |       6 |       0 |   0.0
            +---------+---------+-------+---------+---------+-------
